 Dungeon Crawl Stone Soup version 0.28.0-53-g5a82cb258f (webtiles) character file.

Game seed: 16303741653792910682

23517 Zeld the Thaumaturge (level 13, -23/76 HPs)
             Began as a Gargoyle Earth Elementalist on June 2, 2022.
             Was an Initiate of Gozag.
             Killed from afar by a crystal guardian (57 damage)
             ... with a crystal bolt
             ... on level 12 of the Dungeon on June 3, 2022.
             The game lasted 00:19:57 (21406 turns).

Zeld the Thaumaturge (Gargoyle Earth Elementalist) Turns: 21406, Time: 00:19:57

Health: -23/76     AC: 14    Str: 15    XL:     13   Next: 7%
Magic:  33/39      EV: 13    Int: 21    God:    Gozag
Gold:   506        SH:  5    Dex: 16    Spells: 28/38 levels left

rFire   . . .      SeeInvis +   d - +8 war axe of Tension {spect, Str+3 Dex+6}
rCold   . . .      Faith    .   (no shield)
rNeg    + . .      Spirit   .   b - +0 robe
rPois   ∞          Reflect  +   q - +0 helmet
rElec   +          Harm     .   (no cloak)
rCorr   .          Rampage  .   G - +0 pair of gloves
Will    .....                   u - +0 pair of boots
Stlth   +++.......              j - amulet of reflection
HPRegen 0.22/turn               s - ring of see invisible
MPRegen 0.26/turn               K - ring of magical power

@: no status effects
A: sickness immunity, AC +9, negative energy resistance 1, electricity
resistance, torment resistance 1, petrification resistance
a: Renounce Religion, Potion Petition, Call Merchant, Bribe Branch


You were on level 12 of the Dungeon.
You worshipped Gozag.
Gozag was pleased with you.
You visited 4 branches of the dungeon, and saw 20 of its levels.
You also visited: Sewer.

You collected 3240 gold pieces.
You spent 617 gold pieces at shops.
You paid 2117 gold pieces to Gozag.

Inventory:

Hand Weapons
 d - the +8 war axe of Tension (weapon) {spect, Str+3 Dex+6}
   (You found it on level 2 of the Dungeon)

   When its wielder attacks, the weapon's spirit leaps out and strikes again.
   The spirit shares a part of any damage it takes with its wielder.
   Str:       It affects your strength (+3).
   Dex:       It affects your dexterity (+6).
Missiles
 c - 361 stones
 r - 129 bolts
 D - 214 arrows
Armour
 b - a +0 robe (worn)
 q - a +0 helmet (worn)
 u - a +0 pair of boots (worn)
 G - a +0 pair of gloves (worn)
Jewellery
 j - an amulet of reflection (around neck)
 s - a ring of see invisible (left hand)
 K - a ring of magical power (right hand)
 Q - a ring of protection from cold
Wands
 w - a wand of paralysis (27)
 x - a wand of polymorph (5)
 y - a wand of mindburst (18)
 O - a wand of flame (15)
 P - a wand of iceblast (4)
Scrolls
 e - a scroll of silence
 f - 4 scrolls of amnesia
 k - 5 scrolls of enchant armour
 l - 7 scrolls of fear
 n - 4 scrolls of holy word
 t - 3 scrolls of teleportation
 C - 3 scrolls of magic mapping
 I - a scroll of blinking {unknown}
 L - a scroll of enchant weapon
 N - 2 scrolls of fog
 R - a scroll of summoning {unknown}
Potions
 a - 7 potions of haste {unknown}
 g - 3 potions of berserk rage
 h - a potion of cancellation {unknown}
 i - a potion of invisibility {unknown}
 m - 5 potions of curing {unknown}
 o - a potion of might {unknown}
 p - a potion of heal wounds {unknown}
 v - 3 potions of brilliance {unknown}
 z - 3 potions of magic {unknown}
 A - 5 potions of attraction {unknown}
 B - a potion of ambrosia {unknown}
 E - 3 potions of flight {unknown}
 H - a potion of degeneration {unknown}
 J - 2 potions of mutation {unknown}
 M - 3 potions of lignification {unknown}
Miscellaneous
 F - a piece from Xom's chessboard (15/15)


   Skills:
 * Level 6.8 Fighting
 - Level 4.0 Dodging
 - Level 4.0 Stealth
 * Level 13.2 Spellcasting
 - Level 10.0 Conjurations
 - Level 2.0 Transmutations
 - Level 12.0 Earth Magic
 + Level 3.8 Evocations


You had 28 spell levels left.
You knew the following spells:

 Your Spells              Type           Power      Damage    Failure   Level
a - Sandblast             Erth           100%       2d20      1%          1
b - Passwall              Tmut/Erth      35%        N/A       1%          2
c - Stone Arrow           Conj/Erth      100%       3d13      1%          3
d - Petrify               Tmut/Erth      43%        N/A       2%          4

Your spell library contained the following spells:

 Spells                   Type           Power      Damage    Failure   Level
 Dazzling Flash           Conj/Hex       68%        N/A       1%          3
 Animate Skeleton         Necr           26%        N/A       4%          1
 Apportation              Tloc           26%        N/A       4%          1
 Pain                     Necr           52%        1d6       4%          1
 Ensorcelled Hibernation  Hex/Ice        26%        N/A       7%          2
 Spider Form              Tmut/Pois      18%        N/A       10%         3
 Frozen Ramparts          Ice            26%        1d4       14%         3
 Gell's Gravitas          Tloc           13%        N/A       14%         3
 Teleport Other           Tloc           13%        N/A       14%         3
 Vampiric Draining        Necr           13%        2d6       14%         3
 Ice Form                 Ice/Tmut       18%        N/A       30%         4
 Anguish                  Hex/Necr       6%         N/A       43%         4
 Summon Ice Beast         Ice/Summ       13%        N/A       43%         4
 Alistair's Intoxication  Tmut/Pois      12%        N/A       65%         5
 Agony                    Necr           13%        N/A       78%         5
 Silence                  Hex/Air        6%         N/A       78%         5
 Dispersal                Tloc           6%         N/A       100%        6


Dungeon Overview and Level Annotations

Branches:
Dungeon (15/15)            Temple (1/1) D:5            Lair (3/6) D:8
    Orc (1/2) D:10          Sewer (visited)
  Swamp: Lair:2-4    Shoals: Lair:2-4     Snake: Lair:2-4    Spider: Lair:2-4
 Vaults: D:13-14     Depths: D:15

Altars:
Ashenzari
Cheibriados
Dithmenos
Elyvilon
Fedhas
Gozag
Hepliaklqana
Kikubaaqudgha
Makhleb
Nemelex Xobeh
Okawaru
Qazlal
Ru
Sif Muna
Trog
Uskayaw
Vehumet
Wu Jian
Xom
Yredelemnul
Zin
The Shining One

Shops:
D:5 *   D:7 (   D:8 (   D:10 *   D:12 =   Lair:2 :

Annotations:
D:11 Fannar
D:15 3 runed doors


Innate Abilities, Weirdness & Mutations

You are immune to sickness and miasma.
Your stone body is resilient. (AC +9)
You are immune to poison.
You resist negative energy. (rN+)
You are resistant to electric shocks. (rElec)
You are resistant to unholy torment.
You are immune to petrification.


Message History

a +0 ring mail; a +0 club
Things that are here:
a +0 leather armour; a +0 club; a +0 shortbow
Things that are here:
a +0 robe; a +0 dagger
Found a stone staircase leading down.
There is a stone staircase leading down here.
Found a chain mail.
A crystal guardian is nearby!
A crystal guardian is nearby!
Casting: Stone Arrow (safe; 1% risk of failure)
Confirm with . or Enter, or press ? or * to list all spells.
You can't see any susceptible monsters within range! (Use Z to cast anyway.)
A komodo dragon comes into view.
Found Urovvut's Jewellery Emporium.
Found an escape hatch in the ceiling.
The crystal guardian fires a crystalline bolt at you.
The crystal bolt misses you.
Casting: Stone Arrow (safe; 1% risk of failure)
Confirm with . or Enter, or press ? or * to list all spells.
Aiming: Stone Arrow (safe; 1% risk of failure)
Press: ? - help, Shift-Dir - straight line, f - crystal guardian
Aim: a crystal guardian (100% to hit)
The stone arrow hits the crystal guardian!!
The crystal guardian is moderately damaged.
The komodo dragon hisses angrily.
The crystal guardian fires a crystalline bolt at you.
The crystal bolt freezes you!!!
Ouch! That really hurt!
Casting: Stone Arrow (safe; 1% risk of failure)
Confirm with . or Enter, or press ? or * to list all spells.
Aiming: Stone Arrow (safe; 1% risk of failure)
Press: ? - help, Shift-Dir - straight line, f/p - crystal guardian
Aim: a crystal guardian (moderately damaged, 100% to hit)
The stone arrow hits the crystal guardian but does no damage.
The crystal guardian is moderately damaged.
The crystal guardian fires a crystalline bolt at you.
The crystal bolt burns you!!!
Ouch! That really hurt!
You die...
Your body crumbles into a pile of gold.

#.#..........
#.#........# .∩.8.....#
#.#........# #<........
#.#........# #8........
#.#........# #....9l...
#.#........####.........
........................
..#........###.#....[...
..#.............@.....#
..#...................#
..########............#
### #######..######
#...# ##.##
#...####[.###
#...[....|..# .#
#.........# .#
#..9......# #.#


You could see a crystal guardian and a komodo dragon.

Vanquished Creatures
  Erica (D:10)
  A centaur warrior (D:12)
  4 death yaks
  A flayed ghost (D:12)
  A deep elf pyromancer (D:12)
  A cyclops (D:11)
  5 torpor snails (Lair:2)
  5 cane toads
  A rime drake (Lair:2)
  6 komodo dragons
  A troll (D:11)
  A polar bear (Lair:3)
  3 hornets
  8 blink frogs
  2 shadows
  A water elemental (D:11)
  Eustachio (D:4)
  2 wraiths
  2 basilisks
  26 yaks
  A steam dragon (D:8)
  2 vampire mosquitoes (D:11)
  Menkaure (D:4)
  4 water moccasins
  2 acid dragons
  2 black bears
  4 orc warriors
  A sky beast (D:6)
  An ogre (D:6)
  5 wolves
  12 centaurs
  A phantom (D:5)
  2 kobold brigands
  8 bullfrogs
  A scorpion (D:5)
  2 water moccasin zombies
  2 wyvern skeletons (D:7)
  2 water moccasin skeletons
  3 killer bees (D:9)
  4 wights (D:10)
  5 howler monkeys
  4 centaur zombies
  2 bullfrog zombies
  An iron imp (D:5)
  2 hounds
  4 jellies
  2 gnoll shamans
  12 orc priests
  2 centaur skeletons
  2 iguanas
  Ijyb (D:4)
  A bullfrog skeleton (D:5)
  13 orc wizards
  6 hell rats (Lair:2)
  A killer bee zombie (D:6)
  A howler monkey zombie (D:5)
  Robin (D:4)
  A howler monkey skeleton (D:7)
  6 gnolls
  4 adders
  A shadow imp (D:8)
  2 white imps (D:5)
  An ufetubus (D:7)
  An adder skeleton (D:4)
  3 worms (D:4)
  4 dart slugs
  44 orcs
  7 endoplasms
  4 giant cockroaches
  17 goblins
  8 hobgoblins
  3 jackals (D:2)
  3 quokkas
  12 ball pythons
  13 bats
  3 frilled lizards
  16 kobolds
  6 rats
  A spectral kobold (D:1)
353 creatures vanquished.

Vanquished Creatures (others)
  16 fungi
  40 plants
56 creatures vanquished.

Grand Total: 409 creatures vanquished

Notes
Turn   | Place    | Note
-------+----------+-------------------------------------------
     0 | D:1      | Zeld the Gargoyle Earth Elementalist began the quest for
                  | the Orb.
     0 | D:1      | Reached XP level 1. HP: 10/10 MP: 3/3
    38 | D:1      | Found a faded altar of an unknown god.
   238 | D:1      | Reached skill level 1 in Transmutations
   238 | D:1      | Reached XP level 2. HP: 9/15 MP: 1/5
   395 | D:1      | Learned a level 2 spell: Passwall
   623 | D:1      | Reached XP level 3. HP: 19/19 MP: 4/6
   627 | D:1      | Learned a level 3 spell: Stone Arrow
  1735 | D:2      | Found a sparkling altar of Nemelex Xobeh.
  1790 | D:2      | Identified the +8 war axe of Tension {spect, Str+3 Dex+6}
  2037 | D:2      | Reached XP level 4. HP: 16/24 MP: 8/8
  2181 | D:2      | Reached skill level 3 in Spellcasting
  2181 | D:2      | Reached skill level 1 in Conjurations
  2617 | D:2      | Reached XP level 5. HP: 28/28 MP: 9/9
  2625 | D:2      | Learned a level 4 spell: Petrify
  2741 | D:3      | Reached skill level 5 in Earth Magic
  3172 | D:3      | Found a hazy altar of Hepliaklqana.
  3621 | D:3      | Found a shadowy altar of Dithmenos.
  3621 | D:3      | Found a sparkling altar of Nemelex Xobeh.
  3622 | D:3      | Found a bloodstained altar of Trog.
  3685 | D:4      | Noticed Robin
  3696 | D:4      | Killed Robin
  3744 | D:4      | Noticed Eustachio
  3858 | D:4      | Found a glowing drain.
  3865 | Sewer    | Entered a sewer
  3973 | Sewer    | Noticed a water moccasin
  3990 | Sewer    | HP: 1/28 [water moccasin (7)]
  3991 | Sewer    | Killed a water moccasin
  3992 | Sewer    | Reached XP level 6. HP: 2/32 MP: 0/11
  4468 | D:4      | Reached skill level 4 in Spellcasting
  4570 | D:4      | Noticed Menkaure
  4582 | D:4      | Paralysed by an orc priest for 2 turns
  5049 | D:4      | Reached XP level 7. HP: 36/36 MP: 13/13
  5051 | D:4      | Found a glowing golden altar of the Shining One.
  5076 | D:4      | Killed Menkaure
  5215 | D:4      | Noticed Ijyb
  5219 | D:4      | Killed Ijyb
  5317 | D:4      | Killed Eustachio
  5318 | D:4      | Reached skill level 5 in Spellcasting
  5318 | D:4      | Found a stormy altar of Qazlal.
  5318 | D:4      | Found a radiant altar of Vehumet.
  5631 | D:5      | Entered Level 5 of the Dungeon
  5707 | D:5      | Reached XP level 8. HP: 41/41 MP: 14/16
  5997 | D:5      | Found a staircase to the Ecumenical Temple.
  6005 | Temple   | Entered the Ecumenical Temple
  6048 | Temple   | Became a worshipper of Gozag Ym Sagoz the Greedy
  6349 | D:5      | Found Bion's Serpentskin Sales.
  6501 | D:5      | Reached skill level 6 in Spellcasting
  6964 | D:5      | Found a snail-covered altar of Cheibriados.
  7721 | D:6      | Reached XP level 9. HP: 45/45 MP: 18/18
  7760 | D:6      | Found a basalt altar of Yredelemnul.
  7912 | D:6      | Reached skill level 5 in Conjurations
  8077 | D:6      | Reached skill level 7 in Spellcasting
  8558 | D:7      | Reached skill level 10 in Earth Magic
  8780 | D:7      | Noticed a +0 spear
  8840 | D:7      | Found a hide-covered altar of Uskayaw.
  8840 | D:7      | Noticed a +0 dagger
  8841 | D:7      | Noticed a +0 spear
  8841 | D:7      | Noticed a +0 short sword
  8841 | D:7      | Noticed a +0 falchion
  8844 | D:7      | Noticed a +0 short sword
  8844 | D:7      | Noticed a +0 dagger
  8844 | D:7      | Noticed a +0 falchion
  9010 | D:7      | Reached skill level 8 in Spellcasting
  9186 | D:7      | Found Pera Laa's Weapon Shoppe.
  9194 | D:7      | Bought 23 bolts for 64 gold pieces
  9194 | D:7      | Bought 20 arrows for 56 gold pieces
  9194 | D:7      | Bought 14 bolts for 39 gold pieces
  9194 | D:7      | Bought 17 stones for 23 gold pieces
  9207 | D:7      | Reached XP level 10. HP: 41/50 MP: 15/22
 10083 | D:8      | Identified a scroll of acquirement
 10088 | D:8      | Acquired 626 gold pieces
 10093 | D:8      | Bought an iridescent great mace for 287 gold pieces
 10093 | D:8      | Identified the +7 great mace of Fabulous Expedience
                  | {freeze, rElec rF- rC+ rN+} (You bought it in a shop on
                  | level 8 of the Dungeon)
 10237 | D:8      | Found a staircase to the Lair.
 10419 | D:8      | Found a shimmering altar of Xom.
 10605 | Lair:1   | Entered Level 1 of the Lair of Beasts
 11010 | D:9      | Found an ornate altar of the Wu Jian Council.
 11594 | D:9      | Reached skill level 9 in Spellcasting
 11655 | D:10     | Entered Level 10 of the Dungeon
 13082 | D:10     | Found a staircase to the Orcish Mines.
 13090 | D:10     | Reached XP level 11. HP: 42/54 MP: 24/24
 13171 | D:10     | Reached skill level 10 in Spellcasting
 13353 | D:10     | Noticed Erica
 13357 | D:10     | Killed Erica
 13423 | D:10     | Found an iron altar of Okawaru.
 13692 | D:10     | Found Qelousch's Assorted Antiques.
 13699 | D:10     | Bought a twisted bronze wand for 76 gold pieces
 13699 | D:10     | Bought a blue potion for 17 gold pieces
 13699 | D:10     | Bought a wand of paralysis (5) for 38 gold pieces
 13699 | D:10     | Bought a silvery potion for 17 gold pieces
 13771 | Orc:1    | Entered Level 1 of the Orcish Mines
 14072 | D:11     | Noticed a cyclops
 14078 | D:11     | Killed a cyclops
 14283 | D:11     | Noticed Fannar
 14513 | D:12     | Noticed a centaur warrior
 14634 | D:11     | Reached skill level 11 in Spellcasting
 14904 | D:12     | You fall into a shaft and drop 3 floors!
 14904 | D:15     | Entered Level 15 of the Dungeon
 14904 | D:15     | Noticed an orc knight
 14904 | D:15     | Found a huge runed gate.
 14904 | D:15     | Found a huge runed gate.
 14904 | D:15     | Found a huge runed gate.
 15132 | D:14     | Noticed a centaur warrior
 15136 | D:13     | Noticed a skeletal warrior
 15141 | D:13     | Noticed a two-headed ogre
 15150 | D:13     | Noticed a skeletal warrior
 15155 | D:13     | Noticed a cyan ugly thing
 15162 | D:12     | Noticed a deep elf pyromancer
 15165 | D:12     | Killed a deep elf pyromancer
 15563 | D:12     | Noticed a flayed ghost
 15566 | D:12     | Killed a flayed ghost
 15634 | D:12     | Killed a centaur warrior
 15706 | D:12     | Noticed a crystal guardian
 16032 | Lair:1   | Reached skill level 12 in Spellcasting
 16037 | Lair:1   | Reached skill level 10 in Conjurations
 16250 | Lair:1   | Found a sparkling altar of Nemelex Xobeh.
 16271 | Lair:1   | Reached skill level 1 in Fighting
 16271 | Lair:1   | Reached XP level 12. HP: 40/60 MP: 24/28
 16298 | Lair:1   | Reached skill level 1 in Evocations
 19055 | Lair:2   | Found a snail-covered altar of Cheibriados.
 19067 | Lair:2   | Reached skill level 5 in Fighting
 20172 | Lair:3   | Noticed a death yak
 20174 | Lair:3   | Noticed a death yak
 20206 | Lair:3   | Noticed a death yak
 20213 | Lair:2   | Reached skill level 13 in Spellcasting
 20604 | Lair:3   | Noticed a death yak
 20609 | Lair:3   | Noticed a death yak
 20635 | Lair:2   | Killed a death yak
 20732 | Lair:3   | Noticed a death yak
 20732 | Lair:3   | Noticed a death yak
 20736 | Lair:3   | Noticed a death yak
 20739 | Lair:3   | Killed a death yak
 20746 | Lair:2   | Killed a death yak
 20747 | Lair:2   | Reached XP level 13. HP: 65/75 MP: 11/30
 21404 | D:12     | Found Urovvut's Jewellery Emporium.
 21406 | D:12     | Killed from afar by a crystal guardian

Illustrated notes

Levels and vault maps discovered:
D:1:      lightli_arrival_statue_moat, layout_basic,
          dreamdust_ecumenical_altar_drowned_temple, amethyst_killhole,
          minmay_heptomino_o4
D:2:      layout_loops_ring, basic_altar, minmay_puff
D:3:      layout_loops_corners, worldfamousw_hep_ancestral_shrine,
          gammafunk_temple_overflow_claw, serial_co_window_serial,
          co_window_corner_a, co_window_of_opportunity_a,
          co_window_of_opportunity_a, co_window_paths_b, co_window_paths_b,
          co_window_corner_b, co_window_2corner, co_window_corner_b,
          co_window_paths_c, co_window_paths_c, co_window_2corner,
          co_window_2corner, glass_columns_b, glass_columns_c, glass_columns_b,
          glass_columns_a
D:4:      layout_rooms, nicolae_tso_swordbearing_angel,
          amethyst_overflow_temple_binary, gup_sewer_entry_bubbles,
          hex_intersection, chequers_arboretum, kennysheep_minor_cross,
          st_stairs_11, minmay_a_box_with_orc_wizards_in_it, uniq_ijyb,
          uniq_robin, uniq_eustachio, uniq_menkaure
D:5:      layout_loops_corners, slow_altar_1, temple_fountains, st_stairs_11,
          guppyfry_shop_venom
D:6:      cheibrodos_quashed, layout_basic, nicolae_overflow_crystal_walls,
          st_stairs_13
D:7:      layout_gridville, nicolae_uskayaw_en_pointe, serial_shops, shop,
          grunt_decor_cap, minmay_fractal_squares_diagonal_5
D:8:      layout_rooms, xom_butterflies, david_lair_shrubbed
D:9:      layout_irregular_city, mainiacjoe_overflow_alcove_1
D:10:     layout_irregular_city, mainiacjoe_overflow_surrounded_room,
          orc_0_dummy, serial_shops, kennysheep_little_box, grunt_ministairs_11,
          uniq_erica
D:11:     layout_big_octagon, uniq_fannar
D:12:     minmay_mutant_horseshoe, layout_basic, enter_trove_6, serial_shops,
          nicolae_shop_statue_plus
D:13:     layout_rooms, bh_walls_and_bars
D:14:     layout_loops_ring, skrybe_vaults_entry_preservation, minivault_27,
          minmay_pinched_square, uniq_nessos
D:15:     grunt_enter_depths_snipers, layout_loops_ring,
          grunt_dithmenos_shadows, minmay_variable_closet, door_vault,
          uniq_kirke, uniq_josephine, uniq_azrael
Temple:   jpeg_temple_island
Lair:1:   wad_woods_structure_01, layout_cave_pods, basic_altar
Lair:2:   layout_loops_ring, kennysheep_snail_temple
Lair:3:   layout_long_grid, minmay_shoals_entry_centaurs
Orc:1:    layout_caves

Skill      XL: |  1  2  3  4  5  6  7  8  9 10 11 12 13 |
---------------+----------------------------------------+-----
Transmutations | 1 2 |  2.0
Earth Magic    | 4 5 6 7 9 10 12 | 12.0
Spellcasting   | 3 4 5 6 8 9 12 13 | 13.2
Conjurations   | 1 2 3 4 6 7 10 | 10.0
Stealth        | 4 |  4.0
Fighting       | 1 6 |  6.8
Dodging        | 3 4 |  4.0
Evocations     | 3 |  3.8

Action                   |  1- 3 |  4- 6 |  7- 9 | 10-12 | 13-15 || total
-------------------------+-------+-------+-------+-------+-------++-------
Melee: Unarmed           |     4 |       |       |       |       ||     4
       War axe           |    18 |    83 |    70 |   122 |       ||   293
       Dagger            |    15 |       |       |       |       ||    15
       Punch             |     1 |       |       |       |       ||     1
 Cast: Sandblast         |    35 |     7 |     1 |     1 |       ||    44
       Stone Arrow       |       |     6 |    45 |   255 |    13 ||   319
       Passwall          |       |     1 |       |       |       ||     1
Invok: Call Merchant     |       |       |       |     1 |     1 ||     2
       Potion Petition   |       |       |       |     1 |       ||     1
  Use: Scroll            |       |       |       |    18 |       ||    18
 Stab: Sleeping          |     2 |     3 |     3 |     2 |       ||    10
       Distracted        |       |     1 |       |     2 |       ||     3
Armor: Robe              |    30 |    31 |    28 |    77 |       ||   166
Dodge: Dodged            |    39 |    53 |    37 |   157 |     7 ||   293
Block: Other             |     4 |    31 |    12 |    77 |     3 ||   127
       Reflection        |       |     1 |     1 |    12 |       ||    14
